TOP OF THE 1ST |
Beaumont Roughnecks batting - Pitching for Key West Barracudas : RHP Chuck Davies
|
Pitching: RHP Chuck Davies
|
|
Batting: RHB Jeff Vickers
|
0-0: Called Strike 0-1: Foul Ball, location: 2F 0-2: Foul Ball, location: 2F 0-2: Foul Ball, location: 2F 0-2: Ball 1-2: Foul Ball, location: 2F 1-2: Ball 2-2: Foul Ball, location: 2F 2-2: Strikes out swinging
|
Batting: RHB Cole Boehmer
|
0-0: Called Strike 0-1: Foul Ball, location: 2F 0-2: Ground out 4-3 (Groundball, 4S)
|
Batting: LHB Corey MacGregor
|
0-0: Called Strike 0-1: Called Strike 0-2: Ball 1-2: Foul Ball, location: 2F 1-2: Ball 2-2: Ball 3-2: Strikes out looking
|
Top of the 1st over - 0 runs, 0 hits, 0 errors, 0 left on base; Beaumont 0 - Key West 0 |
BOTTOM OF THE 1ST |
Key West Barracudas batting - Pitching for Beaumont Roughnecks : RHP Stan Roberts
|
Pitching: RHP Stan Roberts
|
|
Batting: RHB Ramiro Javier
|
0-0: Ball 1-0: Foul Ball, location: 2F 1-1: Swinging Strike 1-2: Foul Ball, location: 2F 1-2: Strikes out swinging
|
Batting: RHB Ramón Díaz
|
0-0: Ball 1-0: Foul Ball, location: 2F 1-1: Ball 2-1: SOLO HOME RUN (Flyball, 78XD), Distance : 398 ft
|
Batting: RHB Rob DeWitt
|
0-0: Fly out, F8 (Flyball, 8RM)
|
Batting: RHB Cris Lugo
|
0-0: Ground out 6-3 (Groundball, 56)
|
Bottom of the 1st over - 1 run, 1 hit, 0 errors, 0 left on base; Beaumont 0 - Key West 1 |
TOP OF THE 2ND |
Beaumont Roughnecks batting - Pitching for Key West Barracudas : RHP Chuck Davies
|
Batting: LHB John Fitzgerald
|
0-0: Foul Ball, location: 2F 0-1: Called Strike 0-2: Foul Ball, location: 2F 0-2: Foul Ball, location: 2F 0-2: Strikes out swinging
|
Batting: RHB Jim MacAchounich
|
0-0: Called Strike 0-1: Ground out 5-3 (Groundball, 56)
|
Batting: SHB Richie Gallegos
|
0-0: Ball 1-0: Ball 2-0: SINGLE (Groundball, 3D)
|
Batting: SHB Walton Locke
|
0-0: Fly out, F8 (Flyball, 8LD)
|
Top of the 2nd over - 0 runs, 1 hit, 0 errors, 1 left on base; Beaumont 0 - Key West 1 |
BOTTOM OF THE 2ND |
Key West Barracudas batting - Pitching for Beaumont Roughnecks : RHP Stan Roberts
|
Batting: SHB Júlio Ayala
|
0-0: Foul Ball, location: 2F 0-1: Called Strike 0-2: Ball 1-2: Ball 2-2: Ball 3-2: Base on Balls
|
Batting: LHB Howard White
|
0-0: Swinging Strike 0-1: Foul Ball, location: 2F 0-2: Ball 1-2: Strikes out swinging
|
Batting: RHB Anastasio Zartuche
|
0-0: Foul Ball, location: 2F 0-1: Called Strike 0-2: Ball Júlio Ayala is caught stealing 2nd base 1-2: Strikes out swinging
|
Bottom of the 2nd over - 0 runs, 0 hits, 0 errors, 0 left on base; Beaumont 0 - Key West 1 |
TOP OF THE 3RD |
Beaumont Roughnecks batting - Pitching for Key West Barracudas : RHP Chuck Davies
|
Batting: SHB Miguel Hurtado
|
0-0: Ball 1-0: Ball 2-0: Foul Ball, location: 2F 2-1: Swinging Strike 2-2: Foul Ball, location: 2F 2-2: Ground out 5-3 (Groundball, 56)
|
Batting: LHB Roberto Félix
|
0-0: Called Strike 0-1: Called Strike 0-2: Strikes out swinging
|
Batting: RHB Jeff Vickers
|
0-0: Ball 1-0: Ball 2-0: Called Strike 2-1: Foul Ball, location: 2F 2-2: Strikes out looking
|
Top of the 3rd over - 0 runs, 0 hits, 0 errors, 0 left on base; Beaumont 0 - Key West 1 |
BOTTOM OF THE 3RD |
Key West Barracudas batting - Pitching for Beaumont Roughnecks : RHP Stan Roberts
|
Batting: LHB Mauro Díaz
|
0-0: Ball 1-0: Called Strike 1-1: Ground out 5-3 (Groundball, 5)
|
Batting: SHB Eric Pimentel
|
0-0: Called Strike 0-1: Ball 1-1: Foul Ball, location: 2F 1-2: Ball 2-2: Ball 3-2: SINGLE (Line Drive, 78S)
|
Batting: RHB Ramiro Javier
|
0-0: Called Strike 0-1: Ball 1-1: Foul Ball, location: 2F 1-2: Foul Ball, location: 2F 1-2: Fielders Choice at 2nd, 6-4 (Groundball, 6)
|
Batting: RHB Ramón Díaz
|
0-0: Ball 1-0: Fielders Choice at 2nd, U6 (Groundball, 6M)
|
Bottom of the 3rd over - 0 runs, 1 hit, 0 errors, 1 left on base; Beaumont 0 - Key West 1 |
TOP OF THE 4TH |
Beaumont Roughnecks batting - Pitching for Key West Barracudas : RHP Chuck Davies
|
Batting: RHB Cole Boehmer
|
0-0: Called Strike 0-1: Ball 1-1: Ball 2-1: SINGLE (Groundball, 6MD)
|
Batting: LHB Corey MacGregor
|
0-0: Ball 1-0: Foul Ball, location: 2F 1-1: Ball 2-1: Foul Ball, location: 2F 2-2: Foul Ball, location: 2F 2-2: SINGLE (Flyball, 8RS) Cole Boehmer to second
|
Batting: LHB John Fitzgerald
|
0-0: Ball 1-0: Ball 2-0: Fly out, F5 (Popup, 15S)
|
Batting: RHB Jim MacAchounich
|
0-0: Called Strike 0-1: Ball 1-1: Foul Ball, location: 2F 1-2: Strikes out swinging
|
Batting: SHB Richie Gallegos
|
0-0: Called Strike 0-1: Ball 1-1: SINGLE (Line Drive, 6) Cole Boehmer to third Corey MacGregor to second Runner from 3rd tries for Home, SAFE, throw made home
|
Batting: SHB Walton Locke
|
0-0: Ball 1-0: Ball 2-0: Ball 3-0: Base on Balls Corey MacGregor to third Richie Gallegos to second
|
Batting: SHB Miguel Hurtado
|
0-0: Called Strike 0-1: Foul Ball, location: 2F 0-2: Strikes out looking
|
Top of the 4th over - 1 run, 3 hits, 0 errors, 3 left on base; Beaumont 1 - Key West 1 |
BOTTOM OF THE 4TH |
Key West Barracudas batting - Pitching for Beaumont Roughnecks : RHP Stan Roberts
|
Batting: RHB Rob DeWitt
|
0-0: Called Strike 0-1: Foul Ball, location: 2F 0-2: Ball 1-2: Foul Ball, location: 2F 1-2: Ball 2-2: Fly out, F7 (Flyball, 7S)
|
Batting: RHB Cris Lugo
|
0-0: Called Strike 0-1: Ground out 6-3 (Groundball, 6)
|
Batting: SHB Júlio Ayala
|
0-0: Called Strike 0-1: Ball 1-1: Swinging Strike 1-2: Ball 2-2: Ground out 5-3 (Groundball, 5L)
|
Bottom of the 4th over - 0 runs, 0 hits, 0 errors, 0 left on base; Beaumont 1 - Key West 1 |
TOP OF THE 5TH |
Beaumont Roughnecks batting - Pitching for Key West Barracudas : RHP Chuck Davies
|
Batting: LHB Roberto Félix
|
0-0: Ball 1-0: SINGLE (Line Drive, 56D)
|
Batting: RHB Jeff Vickers
|
0-0: Fly out, F4 (Line Drive, 4)
|
Batting: RHB Cole Boehmer
|
0-0: Ball 1-0: SINGLE (Groundball, 5S) (infield hit) Roberto Félix to second
|
Batting: LHB Corey MacGregor
|
0-0: Called Strike 0-1: Foul Ball, location: 2F 0-2: Ball 1-2: Foul Ball, location: 2F 1-2: Foul Ball, location: 2F 1-2: Ground out 5-3 (Groundball, 56S) Roberto Félix to third Cole Boehmer to second
|
Pitching: RHP Mathew Wilcox
|
|
Batting: LHB John Fitzgerald
|
0-0: Called Strike 0-1: Ball 1-1: Ball 2-1: Ball 3-1: Foul Ball, location: 2F 3-2: Ground out 5-3 (Groundball, 56S)
|
Top of the 5th over - 0 runs, 2 hits, 0 errors, 2 left on base; Beaumont 1 - Key West 1 |
BOTTOM OF THE 5TH |
Key West Barracudas batting - Pitching for Beaumont Roughnecks : RHP Stan Roberts
|
Batting: LHB Howard White
|
0-0: Ball 1-0: SINGLE (Groundball, 3S) (infield hit)
|
Batting: RHB Anastasio Zartuche
|
0-0: Ball 1-0: Foul Ball, location: 2F 1-1: Ball 2-1: Foul Ball, location: 2F 2-2: Ball 3-2: DOUBLE (Line Drive, 7) Howard White to third
|
Batting: LHB Mauro Díaz
|
0-0: Ball 1-0: Ball 2-0: Ball 3-0: Base on Balls
|
Batting: SHB Eric Pimentel
|
0-0: Ball 1-0: Foul Ball, location: 2F 1-1: Called Strike 1-2: Fly out, F7 (Line Drive, 7LM)
|
Batting: RHB Ramiro Javier
|
0-0: Fly out, F9 (Flyball, 9LM) Runner from 3rd tags up, SCORES, throw made
|
Batting: RHB Ramón Díaz
|
0-0: Ball 1-0: Ball 2-0: Called Strike 2-1: Ball 3-1: Ground out 5-3 (Groundball, 56S)
|
Bottom of the 5th over - 1 run, 2 hits, 0 errors, 2 left on base; Beaumont 1 - Key West 2 |
TOP OF THE 6TH |
Beaumont Roughnecks batting - Pitching for Key West Barracudas : RHP Mathew Wilcox
|
Batting: RHB Jim MacAchounich
|
0-0: Ball 1-0: Foul Ball, location: 2F 1-1: Ball 2-1: Ball 3-1: Swinging Strike 3-2: Foul Ball, location: 2F 3-2: Strikes out swinging
|
Batting: SHB Richie Gallegos
|
0-0: Ball 1-0: Foul Ball, location: 2F 1-1: Ball 2-1: Swinging Strike 2-2: Strikes out swinging
|
Batting: SHB Walton Locke
|
0-0: Ball 1-0: Foul Ball, location: 2F 1-1: Foul Ball, location: 2F 1-2: Foul Ball, location: 2F 1-2: Foul Ball, location: 2F 1-2: Fly out, F7 (Flyball, 7)
|
Top of the 6th over - 0 runs, 0 hits, 0 errors, 0 left on base; Beaumont 1 - Key West 2 |
BOTTOM OF THE 6TH |
Key West Barracudas batting - Pitching for Beaumont Roughnecks : RHP Stan Roberts
|
Batting: RHB Rob DeWitt
|
0-0: Called Strike 0-1: Fly out, F7 (Flyball, 7)
|
Batting: RHB Cris Lugo
|
0-0: Ball 1-0: Called Strike 1-1: Foul Ball, location: 2F 1-2: Ball 2-2: Foul Ball, location: 2F 2-2: Strikes out swinging
|
Batting: SHB Júlio Ayala
|
0-0: Swinging Strike 0-1: Foul Ball, location: 2F 0-2: Strikes out swinging
|
Bottom of the 6th over - 0 runs, 0 hits, 0 errors, 0 left on base; Beaumont 1 - Key West 2 |
TOP OF THE 7TH |
Beaumont Roughnecks batting - Pitching for Key West Barracudas : RHP Mathew Wilcox
|
Batting: SHB Miguel Hurtado
|
0-0: Called Strike 0-1: Foul Ball, location: 2F 0-2: Foul Ball, location: 2F 0-2: Ball 1-2: Ball 2-2: Fly out, F5 (Popup, 5SF)
|
Batting: LHB Roberto Félix
|
0-0: Ground out 6-3 (Groundball, 6)
|
Batting: RHB Jeff Vickers
|
0-0: Ball 1-0: Foul Ball, location: 2F 1-1: Called Strike 1-2: Single, Error in OF, E8, batter to second base
|
Batting: RHB Cole Boehmer
|
0-0: Ball 1-0: Ball 2-0: Foul Ball, location: 2F 2-1: Ball 3-1: Base on Balls
|
Batting: LHB Corey MacGregor
|
0-0: Ball 1-0: Called Strike 1-1: SINGLE (Groundball, 4MD) Jeff Vickers to third Cole Boehmer to second Runner from 3rd tries for Home, SAFE, throw made home
|
Batting: LHB John Fitzgerald
|
0-0: Called Strike 0-1: Called Strike 0-2: Ball 1-2: Ball 2-2: Ball 3-2: Fly out, F7 (Flyball, 7LSF)
|
Top of the 7th over - 1 run, 2 hits, 1 error, 2 left on base; Beaumont 2 - Key West 2 |
BOTTOM OF THE 7TH |
Key West Barracudas batting - Pitching for Beaumont Roughnecks : RHP Stan Roberts
|
Pitching: RHP Juan Villa
|
|
Batting: LHB Howard White
|
0-0: Ball 1-0: Ball 2-0: Ball 3-0: Base on Balls
|
Pinch Runner at 1st Jorge Hernández:
|
|
Batting: RHB Anastasio Zartuche
|
0-0: Ball 1-0: Fly out, F5 (Popup, 56)
|
Batting: LHB Mauro Díaz
|
0-0: Ball 1-0: Foul Ball, location: 2F 1-1: Ball 2-1: Ball 3-1: Base on Balls Jorge Hernández to second
|
Batting: SHB Eric Pimentel
|
0-0: Ball 1-0: Ball 2-0: Called Strike 2-1: Ball 3-1: Base on Balls Jorge Hernández to third Mauro Díaz to second
|
Batting: RHB Ramiro Javier
|
0-0: Called Strike 0-1: Ball 1-1: Grounds into fielders choice 6-2 (Groundball, 56) Mauro Díaz to third Eric Pimentel to second
|
Batting: RHB Ramón Díaz
|
0-0: Called Strike 0-1: Ball 1-1: Ball 2-1: Foul Ball, location: 2F 2-2: Fielders Choice at 2nd, 6-4 (Groundball, 6)
|
Bottom of the 7th over - 0 runs, 0 hits, 0 errors, 3 left on base; Beaumont 2 - Key West 2 |
TOP OF THE 8TH |
Beaumont Roughnecks batting - Pitching for Key West Barracudas : RHP Mathew Wilcox
|
Now in RF: Jorge Hernández
|
|
Batting: RHB Jim MacAchounich
|
0-0: Called Strike 0-1: Foul Ball, location: 2F 0-2: Ball 1-2: Ball 2-2: Ball 3-2: Ground out 6-3 (Groundball, 56)
|
Batting: SHB Richie Gallegos
|
0-0: Ball 1-0: Called Strike 1-1: Ball 2-1: Fly out, F7 (Flyball, 7D)
|
Batting: SHB Walton Locke
|
0-0: Called Strike 0-1: Called Strike 0-2: Ball 1-2: Ball 2-2: Ball 3-2: Fly out, F5 (Line Drive, 56S)
|
Top of the 8th over - 0 runs, 0 hits, 0 errors, 0 left on base; Beaumont 2 - Key West 2 |
BOTTOM OF THE 8TH |
Key West Barracudas batting - Pitching for Beaumont Roughnecks : RHP Juan Villa
|
Pinch Hitting: LHB Juan Lima
|
0-0: Called Strike 0-1: Foul Ball, location: 2F 0-2: Ball 1-2: Foul Ball, location: 2F 1-2: Strikes out looking
|
Batting: RHB Cris Lugo
|
0-0: Foul Ball, location: 2F 0-1: Ball 1-1: Fly out, F8 (Line Drive, 8LM)
|
Batting: SHB Júlio Ayala
|
0-0: Ball 1-0: Ball 2-0: Ball 3-0: Called Strike 3-1: Foul Ball, location: 2F 3-2: Base on Balls
|
Pinch Hitting: SHB Brock Owens
|
0-0: Foul Ball, location: 2F 0-1: Ball 1-1: Foul Ball, location: 2F 1-2: Foul Ball, location: 2F 1-2: Ground out 3-1 (Groundball, 3)
|
Bottom of the 8th over - 0 runs, 0 hits, 0 errors, 1 left on base; Beaumont 2 - Key West 2 |
TOP OF THE 9TH |
Beaumont Roughnecks batting - Pitching for Key West Barracudas : RHP Mathew Wilcox
|
Now in CF: Brock Owens
|
|
Now in RF: Scotty Hicks
|
|
Batting: SHB Miguel Hurtado
|
0-0: Called Strike 0-1: Foul Ball, location: 2F 0-2: Ball 1-2: Ground out 3-1 (Groundball, 34S)
|
Batting: LHB Roberto Félix
|
0-0: Ground out 4-3 (Groundball, 4M)
|
Batting: RHB Jeff Vickers
|
0-0: Called Strike 0-1: Called Strike 0-2: Ball 1-2: Ball 2-2: Strikes out looking
|
Top of the 9th over - 0 runs, 0 hits, 0 errors, 0 left on base; Beaumont 2 - Key West 2 |
BOTTOM OF THE 9TH |
Key West Barracudas batting - Pitching for Beaumont Roughnecks : RHP Juan Villa
|
Batting: RHB Anastasio Zartuche
|
0-0: Foul Ball, location: 2F 0-1: Swinging Strike 0-2: DOUBLE (Groundball, 5L)
|
Batting: LHB Mauro Díaz
|
0-0: Ball 1-0: Ball 2-0: Foul Ball, location: 2F 2-1: Foul Ball, location: 2F 2-2: Foul Ball, location: 2F 2-2: SINGLE (Groundball, 4MD) Anastasio Zartuche to third Runner from 3rd tries for Home, throw and OUT!
|
Pitching: RHP James Edwards
|
|
Batting: SHB Eric Pimentel
|
0-0: Called Strike 0-1: Swinging Strike 0-2: Ball 1-2: Strikes out swinging
|
Batting: RHB Ramiro Javier
|
0-0: Fly out, F8 (Flyball, 8RM)
|
Bottom of the 9th over - 0 runs, 2 hits, 0 errors, 1 left on base; Beaumont 2 - Key West 2 |
TOP OF THE 10TH |
Beaumont Roughnecks batting - Pitching for Key West Barracudas : RHP Mathew Wilcox
|
Batting: RHB Cole Boehmer
|
0-0: Called Strike 0-1: Ball 1-1: SINGLE (Line Drive, 78M)
|
Batting: LHB Corey MacGregor
|
0-0: Called Strike 0-1: Ball 1-1: Fly out, F7 (Line Drive, 7)
|
Batting: LHB John Fitzgerald
|
0-0: Ball 1-0: Ball 2-0: Swinging Strike 2-1: Fly out, F9 (Flyball, 9S)
|
Batting: RHB Jim MacAchounich
|
0-0: Ball 1-0: Swinging Strike 1-1: Ball 2-1: Fly out, F8 (Flyball, 89D)
|
Top of the 10th over - 0 runs, 1 hit, 0 errors, 1 left on base; Beaumont 2 - Key West 2 |
BOTTOM OF THE 10TH |
Key West Barracudas batting - Pitching for Beaumont Roughnecks : RHP James Edwards
|
Batting: RHB Ramón Díaz
|
0-0: Swinging Strike 0-1: Swinging Strike 0-2: Strikes out looking
|
Batting: RHB Scotty Hicks
|
0-0: Ball 1-0: Called Strike 1-1: Ground out 6-3 (Groundball, 6MD)
|
Batting: RHB Cris Lugo
|
0-0: Ball 1-0: Called Strike 1-1: SINGLE (Line Drive, 56)
|
Batting: SHB Júlio Ayala
|
0-0: Swinging Strike 0-1: Ball 1-1: Swinging Strike 1-2: Foul Ball, location: 2F 1-2: Ball 2-2: Ball Cris Lugo steals 2nd base 3-2: Foul Ball, location: 2F 3-2: Base on Balls
|
Batting: SHB Brock Owens
|
0-0: Ball 1-0: Ground out 4-3 (Groundball, 4)
|
Bottom of the 10th over - 0 runs, 1 hit, 0 errors, 2 left on base; Beaumont 2 - Key West 2 |
TOP OF THE 11TH |
Beaumont Roughnecks batting - Pitching for Key West Barracudas : RHP Mathew Wilcox
|
Batting: SHB Richie Gallegos
|
0-0: Swinging Strike 0-1: Fly out, F8 (Flyball, 78D)
|
Batting: SHB Walton Locke
|
0-0: Called Strike 0-1: Ball 1-1: Ball 2-1: Ball 3-1: Swinging Strike 3-2: SOLO HOME RUN (Flyball, 89XD), Distance : 421 ft
|
Batting: SHB Miguel Hurtado
|
0-0: Called Strike 0-1: Foul Ball, location: 2F 0-2: Strikes out swinging
|
Batting: LHB Roberto Félix
|
0-0: Ball 1-0: Foul Ball, location: 2F 1-1: SINGLE (Groundball, 56S) (infield hit)
|
Batting: RHB Jeff Vickers
|
0-0: Called Strike 0-1: Ball 1-1: Ball 2-1: Ball Wild Pitch! Roberto Félix to second 3-1: Base on Balls
|
Batting: RHB Cole Boehmer
|
0-0: Fielders Choice at 2nd, 6-4 (Groundball, 6)
|
Top of the 11th over - 1 run, 2 hits, 0 errors, 2 left on base; Beaumont 3 - Key West 2 |
BOTTOM OF THE 11TH |
Key West Barracudas batting - Pitching for Beaumont Roughnecks : RHP James Edwards
|
Batting: RHB Anastasio Zartuche
|
0-0: Ball 1-0: Called Strike 1-1: Ball 2-1: Called Strike 2-2: Strikes out swinging
|
Batting: LHB Mauro Díaz
|
0-0: Called Strike 0-1: Called Strike 0-2: Foul Ball, location: 2F 0-2: Ball 1-2: Ball 2-2: Foul Ball, location: 2F 2-2: Ball 3-2: Ground out 4-3 (Groundball, 4S)
|
Batting: SHB Eric Pimentel
|
0-0: Fly out, F9 (Flyball, 89M)
|
Bottom of the 11th over - 0 runs, 0 hits, 0 errors, 0 left on base; Beaumont 3 - Key West 2 |
|